 Dungeon Crawl Stone Soup version 0.18.1-6-gd335043 (webtiles) character file.

121 GFox the Charmwright (level 4, -3/30 HPs)
             Began as a High Elf Skald on May 17, 2016.
             Slain by Sigmund
             ... wielding a +0 scythe
              (13 damage)
             ... on level 3 of the Dungeon.
             The game lasted 00:17:48 (2668 turns).

GFox the Charmwright (High Elf Skald)               Turns: 2668, Time: 00:17:49

Health: -3/30      AC:  7    Str: 12    XL:     4   Next: 77%
Magic:  6/9        EV: 12    Int: 20    God:
Gold:   114        SH:  0    Dex: 15    Spells: 1 memorised, 8 levels left

rFire  . . .     SeeInvis .     n - +2 short sword (venom)
rCold  . . .     Gourm    .     b - +2 leather armour
rNeg   . . .     Faith    .     (no shield)
rPois  .         Spirit   .     e - +2 hat
rElec  .         Dismiss  .     (no cloak)
rCorr  .         Reflect  .     (no gloves)
SustAt .         Harm     .     (no boots)
MR     .....                    (no amulet)
Stlth  ++........               (no ring)
                                (no ring)

@: brilliant, lethally poisoned (-3 -> -6), infused, not resistant to hostile
enchantments, unstealthy
A: no striking features
a: no special abilities


You were on level 3 of the Dungeon.
You were not hungry.

You visited 1 branch of the dungeon, and saw 3 of its levels.

You collected 114 gold pieces.

Inventory:

Hand Weapons
 a - a +0 falchion
 n - a +2 short sword of venom (weapon)
Armour
 b - a +2 leather armour (worn)
 e - a +2 hat (worn)
Scrolls
 h - 2 scrolls of magic mapping
 q - 3 scrolls of remove curse
 r - 3 scrolls of amnesia {unknown}
Potions
 l - 2 potions of lignification {unknown}
 p - a potion of magic {unknown}
 s - a potion of invisibility {unknown}
Books
 c - a book of Battle

   Spells                             Type                      Level
   a - Infusion                       Charms                       1
   b - Shroud of Golubria             Charms/Translocation         2
   c - Song of Slaying                Charms                       2
   d - Spectral Weapon                Hexes/Charms                 3
   e - Regeneration                   Charms/Necromancy            3
Comestibles
 d - 2 bread rations
 f - a chunk of flesh
 j - 3 meat rations


   Skills:
 + Level 2.4 Fighting
 + Level 1.0(2.0) Short Blades
 + Level 2.7(2.8) Long Blades
 + Level 1.5 Armour
 + Level 2.3 Dodging
 + Level 1.4 Stealth
 + Level 3.1 Spellcasting
 + Level 4.4 Charms


You had 8 spell levels left.
You knew the following spells:

 Your Spells              Type           Power        Failure   Level  Hunger
a - Infusion              Chrm           ####         1%          1    None


Dungeon Overview and Level Annotations

Branches:
Dungeon (3/15)

Altars:
Sif Muna
Xom

Annotations:
D:3 Sigmund


Message History

You barely miss the adder. The adder barely misses you.
Sigmund hits you from afar with a scythe.
The adder bites you.
You are poisoned.
The adder poisons you!
You hit the adder.
The adder is poisoned.
The adder is severely wounded.
You feel sick.
You kill the adder!
Sigmund hits you with a scythe!
Found 5 curare-tipped needles.
You closely miss Sigmund.
You feel sick.
Sigmund points at you and mumbles some strange words.
The puff of flame hits you!
* * * LOW HITPOINT WARNING * * *
Drink which item? (? for menu, Esc to quit)
It was a potion of brilliance.
You feel clever all of a sudden. Sigmund hits you with a scythe!
You die...

#.........#####
#..............
#.........#####
#.........#
######.#### #.#
#.## ##.)#####
#@......#
#...@.......#
#.............
#.........[...
#..........###
#..........#
#..........#
#.........(#


You could see Sigmund.

Vanquished Creatures
  Terence (D:2)
  3 adders
  A gnoll (D:1)
  An ooze (D:1)
  A worm (D:2)
  3 dart slugs
  A giant gecko (D:2)
  6 bats
  A giant cockroach (D:2)
  5 goblins
  6 hobgoblins
  2 quokkas (D:2)
  A ball python (D:1)
  3 giant newts
  7 kobolds
  6 rats
48 creatures vanquished.

Notes
Turn   | Place    | Note
--------------------------------------------------------------
     0 | D:1      | GFox the High Elf Skald began the quest for the Orb.
     0 | D:1      | Reached XP level 1. HP: 14/14 MP: 4/4
   461 | D:1      | Reached skill level 1 in Armour
   461 | D:1      | Reached skill level 4 in Charms
   461 | D:1      | Reached XP level 2. HP: 13/19 MP: 1/6
  1337 | D:1      | Reached XP level 3. HP: 24/24 MP: 5/8
  1809 | D:2      | Reached skill level 1 in Stealth
  2082 | D:2      | Reached XP level 4. HP: 29/29 MP: 5/9
  2262 | D:2      | Found a shimmering altar of Xom.
  2263 | D:2      | Found a deep blue altar of Sif Muna.
  2266 | D:2      | Noticed Terence
  2280 | D:2      | Killed Terence
  2280 | D:2      | Reached skill level 1 in Short Blades
  2659 | D:3      | Noticed Sigmund
  2668 | D:3      | Slain by Sigmund

Skill      XL: |  1  2  3  4 |
---------------+-------------+-----
Armour         | 1 |  1.5
Charms         | 4 |  4.4
Stealth        | 1 |  1.4
Spellcasting   | 3 |  3.1
Dodging        | 2 |  2.3
Short Blades   | 1 |  1.0
Fighting       | |  2.4
Long Blades    | |  2.7

Action                   |  1- 3 |  4- 6 || total
-------------------------+-------+-------++-------
Melee: Falchion          |    44 |       ||    44
       Short sword       |    56 |    34 ||    90
 Cast: Infusion          |    18 |     6 ||    24
  Use: Scroll            |       |     6 ||     6
       Potion            |       |     1 ||     1
 Stab: Sleeping          |     1 |     1 ||     2
  Eat: Meat ration       |     1 |       ||     1
       Beef jerky        |       |     1 ||     1
Armor: Leather armour    |    35 |     8 ||    43
Dodge: Dodged            |    61 |    34 ||    95
